 Dungeon Crawl Stone Soup version 0.29-a0-337-g68df138881 (webtiles) character file.

Game seed: 3493963052597127326

15928 quokkamancerX the Ogre Mage (level 12, -13/137 HPs)
             Began as an Ogre Fire Elementalist on Apr 16, 2022.
             Was a Believer of the Shining One (penitent).
             Mangled by a catoblepas (15 damage)
             ... on level 2 of the Lair of Beasts on Apr 17, 2022.
             The game lasted 02:07:03 (18415 turns).

quokkamancerX the Ogre Mage (OgFE)                 Turns: 18415, Time: 02:07:05

Health: -13/137    AC: 16    Str: 15    XL:     12   Next: 32%
Magic:  2/31       EV:  9    Int: 20    God:    the Shining One [**....]
Gold:   738        SH:  0    Dex:  9    Spells: 28/41 levels left

rFire   . . .      SeeInvis .   t - +3 flail (venom)
rCold   + . .      Faith    .   (no shield)
rNeg    + . .      Spirit   .   w - +2 robe {rC+}
rPois   .          Reflect  .   (helmet restricted)
rElec   .          Harm     .   I - +2 cloak
rCorr   .          Rampage  .   (gloves unavailable)
Will    +....                   (boots unavailable)
Stlth   +.........              K - amulet of regeneration
HPRegen 1.12/turn               j - +4 ring of protection
MPRegen 0.22/turn               l - +4 ring of protection

@: studying Spellcasting
A: large, unfitting armour, tough skin 1
a: Renounce Religion


You were on level 2 of the Lair of Beasts.
You worshipped the Shining One.
The Shining One was demanding penance.
You visited 3 branches of the dungeon, and saw 14 of its levels.

You collected 738 gold pieces.

Inventory:

Hand Weapons
 t - a +3 flail of venom (weapon)
Missiles
 q - 2 throwing nets
 u - 20 poisoned darts (quivered)
 v - 4 atropa-tipped darts
Armour
 w - a +2 robe of cold resistance (worn)
 G - +0 acid dragon scales
 I - a +2 cloak (worn)
Magical Staves
 s - a staff of fire
 D - a staff of conjuration
Jewellery
 f - a ring of positive energy
 j - a +4 ring of protection (left hand)
 k - a ring of resist corrosion
 l - a +4 ring of protection (right hand)
 K - an amulet of regeneration (around neck)
Wands
 x - a wand of polymorph (3)
 A - a wand of iceblast (11)
 C - a wand of charming (4)
 E - a wand of acid (6)
 F - a wand of flame (19)
Scrolls
 a - a scroll of identify
 o - 3 scrolls of fog
 r - 4 scrolls of blinking
 y - 4 scrolls of teleportation
 B - 2 scrolls of fear
 H - 2 scrolls of amnesia
Potions
 b - 2 potions of magic
 c - 5 potions of might
 d - 3 potions of haste
 e - 8 potions of curing
 g - 2 potions of brilliance
 h - 4 potions of lignification
 i - 5 potions of attraction
 m - a potion of ambrosia {unknown}
 n - 3 potions of heal wounds {unknown}
 p - 6 potions of flight
 z - 5 potions of mutation


   Skills:
 + Level 13.7 Fighting
 - Level 1.7 Dodging
 - Level 1.4 Stealth
 - Level 15.0 Spellcasting
 - Level 0.8 Conjurations
 - Level 10.0 Fire Magic
 - Level 6.3 Invocations
 - Level 3.5 Evocations


You had 28 spell levels left.
You knew the following spells:

 Your Spells              Type           Power      Damage    Failure   Level
a - Foxfire               Conj/Fire      100%       2x1d9     1%          1
b - Scorch                Fire           100%       2d10      1%          2
c - Flame Wave            Conj/Fire      36%        2d9       4%          4
d - Conjure Flame         Conj/Fire      36%        6-21      1%          3
e - Inner Flame           Hex/Fire       35%        N/A       1%          3

Your spell library contained the following spells:

 Spells                   Type           Power      Damage    Failure   Level
 Corpse Rot               Necr/Air       30%        N/A       6%          2
 Poisonous Vapours        Pois/Air       30%        N/A       6%          2
 Hailstorm                Conj/Ice       16%        3d6       34%         4
 Ice Form                 Ice/Tmut       15%        N/A       38%         4
 Leda's Liquefaction      Hex/Erth       7%         N/A       38%         4
 Lee's Rapid Deconstruct  Erth           7%         3d8*      75%         5
 Summon Forest            Summ/Tloc      7%         N/A       75%         5
 Summon Mana Viper        Hex/Summ       15%        N/A       75%         5
 Simulacrum               Ice/Necr       7%         N/A       99%         6
 Statue Form              Tmut/Erth      10%        N/A       99%         6
 Summon Cactus Giant      Summ           7%         N/A       99%         6


Dungeon Overview and Level Annotations

Branches:
Dungeon (11/15)            Temple (1/1) D:5            Lair (2/6) D:8
    Orc (0/2) D:10
  Swamp: Lair:2-4    Shoals: Lair:2-4     Snake: Lair:2-4    Spider: Lair:2-4

Altars:
Ashenzari
Cheibriados
Dithmenos
Elyvilon
Fedhas
Gozag
Hepliaklqana
Kikubaaqudgha
Makhleb
Nemelex Xobeh
Okawaru
Qazlal
Ru
Sif Muna
Trog
Uskayaw
Vehumet
Wu Jian
Xom
Yredelemnul
Zin
The Shining One

Shops:
D:2 =?

Annotations:
D:10 1 runed translucent door, zishaf's ghost, journeyman VSBr
D:11 2 transporters, chopper's ghost, journeyman MiFi


Innate Abilities, Weirdness & Mutations

You are too large for most types of armour.
You have tough skin. (AC +1)


Message History

The catoblepas breathes a plume of calcifying dust at you.
The blast of calcifying dust hits you!
Casting: Scorch (safe; 1% risk of failure)
Confirm with . or Enter, or press ? or * to list all spells.
Flames lash the catoblepas.
The catoblepas is burned terribly!
The catoblepas is severely wounded.
The catoblepas breathes a plume of calcifying dust at you.
The blast of calcifying dust hits you.
Casting: Scorch (safe; 1% risk of failure)
Confirm with . or Enter, or press ? or * to list all spells.
Flames lash the blink frog.
The blink frog is moderately wounded.
The blink frog's fire resistance burns away.
You are engulfed in calcifying dust.
The catoblepas gores you!!
* * * LOW HITPOINT WARNING * * *
Casting: Scorch (safe; 1% risk of failure)
Confirm with . or Enter, or press ? or * to list all spells.
Flames lash the blink frog.
The blink frog is burned terribly!
You kill the blink frog!
You are engulfed in calcifying dust.
The catoblepas gores you but does no damage.
Casting: Scorch (safe; 1% risk of failure)
Confirm with . or Enter, or press ? or * to list all spells.
Flames lash the catoblepas but do no damage.
You are engulfed in calcifying dust.
The blink frog blinks! x3
The catoblepas gores you.
* * * LOW HITPOINT WARNING * * *
Casting: Scorch (safe; 1% risk of failure)
Confirm with . or Enter, or press ? or * to list all spells.
Flames lash the catoblepas.
The catoblepas is burned terribly!
The catoblepas is severely wounded.
The catoblepas gores you!!
* * * LOW HITPOINT WARNING * * *
Casting: Scorch (safe; 1% risk of failure)
Confirm with . or Enter, or press ? or * to list all spells.
Flames lash the catoblepas.
The catoblepas is burned terribly!
The catoblepas is almost dead.
The blink frog is no longer more vulnerable to fire.
The catoblepas gores you!
You die...

.. ##.# ##. ##.#. #
#..# #####...# #.#..P
#### ##..#.#.##
......##PP###.P..#####
#.#>...........# #
#..#.P..#.P.P...#.
#P.####.........#.
#@.# ##.###...... ##Y#
### ###.... . # #F##
.... ..F.#.##FF##.#P.
?.... #...F†§..F..§..
.#.. #F....##.##..##.
###.. .## ### #. .# #P
..


You could see a catoblepas (combustible) and 4 blink frogs.

Vanquished Creatures
  3 hydras
  Erica (D:10)
  A catoblepas (Lair:2)
  A centaur warrior (D:11)
  A cyclops (D:10)
  2 oklob plants (Lair:1)
  A cane toad (Lair:1)
  3 komodo dragons
  An unseen horror (D:10)
  Psyche (D:10)
  Maggie (D:10)
  A troll (D:11)
  2 hornets (D:10)
  A blink frog (Lair:2)
  16 yaks
  4 wyverns
  A shadow (D:11)
  3 steam dragons
  3 vampire mosquitoes (D:10)
  Edmund (D:4)
  4 acid dragons
  3 water moccasins
  3 ice beasts
  An orc warrior (D:9)
  2 sky beasts (D:5)
  An ogre (D:5)
  A black bear (D:8)
  7 centaurs
  A phantom (D:5)
  2 kobold brigands
  11 bullfrogs
  A necrophage (D:5)
  3 scorpions
  2 gnoll sergeants
  4 wights
  5 killer bees
  4 howler monkeys
  A lava snake (D:8)
  A crimson imp (D:3)
  A hound (D:5)
  3 orc priests
  A gnoll shaman (D:7)
  3 iguanas
  8 orc wizards
  7 adders
  11 gnolls
  A shadow imp (D:6)
  10 worms
  A dart slug (D:1)
  36 orcs
  3 endoplasms
  A giant cockroach (D:3)
  2 goblins
  12 hobgoblins
  2 jackals (D:2)
  10 kobolds
  3 quokkas
  8 ball pythons
  5 bats
  8 frilled lizards
  2 rats
243 creatures vanquished.

Vanquished Creatures (collateral kills)
  A water moccasin (Lair:2)
1 creature vanquished.

Vanquished Creatures (others)
  158 foxfires
  10 fungi
  22 plants
  2 withered plants (D:10)
192 creatures vanquished.

Grand Total: 436 creatures vanquished

Notes
Turn   | Place    | Note
-------+----------+-------------------------------------------
     0 | D:1      | quokkamancerX the Ogre Fire Elementalist began the quest
                  | for the Orb.
     0 | D:1      | Reached XP level 1. HP: 16/16 MP: 3/3
   333 | D:1      | Reached skill level 3 in Spellcasting
   469 | D:1      | Reached XP level 2. HP: 23/24 MP: 3/6
  1262 | D:2      | Found Foxus's Magic Scroll Shoppe.
  1320 | D:2      | Reached skill level 4 in Spellcasting
  1320 | D:2      | Reached XP level 3. HP: 18/31 MP: 3/8
  1743 | D:1      | Learned a level 2 spell: Scorch
  2138 | D:2      | Reached XP level 4. HP: 33/39 MP: 0/10
  2258 | D:2      | Found Xieriut's Jewellery Emporium.
  2450 | D:2      | Reached skill level 5 in Spellcasting
  3056 | D:3      | Found a glowing golden altar of the Shining One.
  3060 | D:3      | Became a worshipper of the Shining One
  3853 | D:3      | Found a shimmering altar of Xom.
  3854 | D:3      | Found a burning altar of Makhleb.
  3863 | D:3      | Reached XP level 5. HP: 20/45 MP: 9/13
  4047 | D:3      | Reached skill level 6 in Spellcasting
  4696 | D:4      | Reached XP level 6. HP: 52/53 MP: 12/15
  4863 | D:4      | Found a sparkling altar of Nemelex Xobeh.
  4953 | D:4      | Reached skill level 7 in Spellcasting
  5271 | D:4      | Found a basalt altar of Yredelemnul.
  5496 | D:4      | Noticed Edmund
  5505 | D:4      | Killed Edmund
  5506 | D:4      | Reached skill level 8 in Spellcasting
  5506 | D:4      | Reached XP level 7. HP: 33/59 MP: 3/18
  6186 | D:5      | Entered Level 5 of the Dungeon
  6405 | D:5      | Reached skill level 5 in Fire Magic
  6468 | D:5      | Reached XP level 8. HP: 65/67 MP: 13/20
  6989 | D:5      | Reached * piety under the Shining One
  7323 | D:5      | Found a staircase to the Ecumenical Temple.
  7367 | Temple   | Entered the Ecumenical Temple
  8053 | D:6      | Reached XP level 9. HP: 74/74 MP: 16/21
  8234 | D:6      | Found a blossoming altar of Fedhas.
  9593 | D:7      | Reached skill level 10 in Fire Magic
  9593 | D:7      | Reached skill level 1 in Fighting
 10021 | D:7      | Reached skill level 5 in Fighting
 10330 | D:7      | Learned a level 4 spell: Flame Wave
 10550 | D:8      | Learned a level 3 spell: Conjure Flame
 10767 | D:8      | Found a staircase to the Lair.
 10770 | D:8      | Noticed a komodo dragon
 10815 | D:8      | Killed a komodo dragon
 10816 | D:8      | Reached XP level 10. HP: 104/104 MP: 5/22
 11987 | D:9      | Reached ** piety under the Shining One
 12272 | D:9      | Reached skill level 10 in Fighting
 12279 | D:9      | Reached skill level 1 in Evocations
 13156 | D:10     | Entered Level 10 of the Dungeon
 13300 | D:10     | Reached skill level 9 in Spellcasting
 13305 | D:10     | Reached skill level 10 in Spellcasting
 13434 | D:10     | Found a runed translucent door.
 13437 | D:10     | Noticed zishaf's ghost (journeyman VSBr)
 13443 | D:10     | Noticed Maggie
 13454 | D:10     | Killed Maggie
 13586 | D:10     | Found a staircase to the Orcish Mines.
 13640 | D:10     | Reached skill level 11 in Spellcasting
 13684 | D:10     | Noticed Erica
 13700 | D:10     | Killed Erica
 13701 | D:10     | Reached skill level 12 in Spellcasting
 13701 | D:10     | Reached XP level 11. HP: 98/117 MP: 18/27
 13965 | D:10     | Noticed Psyche
 13980 | D:10     | Killed Psyche
 13981 | D:10     | Reached skill level 13 in Spellcasting
 13994 | D:10     | Noticed a cyclops
 14013 | D:10     | Killed a cyclops
 14174 | D:10     | Reached skill level 14 in Spellcasting
 14774 | D:10     | Reached skill level 15 in Spellcasting
 14906 | D:11     | Found a transporter.
 14915 | D:11     | Noticed chopper's ghost (journeyman MiFi)
 14927 | D:11     | Found a transporter.
 14971 | D:11     | Reached skill level 1 in Invocations
 15364 | D:11     | Noticed a centaur warrior
 15801 | D:11     | Killed a centaur warrior
 16050 | D:11     | Noticed a boulder beetle
 16072 | D:11     | Noticed a manticore
 16074 | D:11     | Noticed a deep elf knight
 16081 | D:11     | Noticed a death knight
 16502 | Lair:1   | Entered Level 1 of the Lair of Beasts
 16502 | Lair:1   | Noticed an oklob plant
 16620 | Lair:1   | Killed an oklob plant
 16621 | Lair:1   | Reached skill level 5 in Invocations
 16711 | Lair:1   | Noticed a four-headed hydra
 16719 | Lair:1   | Killed a four-headed hydra
 17224 | Lair:1   | Reached XP level 12. HP: 121/130 MP: 31/31
 17785 | Lair:1   | Noticed a six-headed hydra
 17792 | Lair:1   | Killed a six-headed hydra
 18154 | Lair:1   | Learned a level 3 spell: Inner Flame
 18207 | Lair:2   | Noticed a four-headed hydra
 18214 | Lair:2   | Was placed under penance by the Shining One
 18217 | Lair:2   | Killed a four-headed hydra
 18307 | Lair:2   | Noticed a catoblepas
 18313 | Lair:2   | Killed a catoblepas
 18373 | Lair:2   | Noticed a catoblepas
 18414 | Lair:2   | HP: 1/137 [catoblepas (21)]
 18415 | Lair:2   | Mangled by a catoblepas

Illustrated notes

Levels and vault maps discovered:
D:1:      giann_wishing_wells, layout_basic
D:2:      layout_loops_ring, serial_shops, nicolae_shop_statue_plus,
          nicolae_shop_stone
D:3:      layout_loops_corners, nicolae_tso_carved_into_rock,
          grunt_temple_overflow_champion_of_chaos
D:4:      layout_loops_ring, mainiacjoe_overflow_six_doors_small,
          mainiacjoe_overflow_catwalk, kennysheep_path_1, uniq_edmund
D:5:      layout_rooms, minmay_temple_entry_grid, nicolae_wormholes
D:6:      layout_cave_pods, fedhas_bush_and_centaur_altar, serial_column_ruins,
          column_ruins_hut, column_ruins_corridor_straight, column_ruins_grid_4,
          column_ruins_open_tiny, column_ruins_open_tiny,
          column_ruins_open_small, corexii_corridor_pit,
          minmay_misc_feat_columns, kennysheep_doodads
D:7:      layout_rooms, minmay_misc_feat_diagonals
D:8:      layout_basic, david_lair_shrubbed, grunt_decor_junction,
          lemuel_another_geyser
D:9:      layout_rooms
D:10:     layout_loops_cross, orc_0_dummy, gammafunk_ghost_grave,
          minmay_fractal_squares_diagonal_5, uniq_psyche, uniq_maggie,
          uniq_erica
D:11:     nzn_winding_woodlands_small [nzn_winding_woodlands_5x15_twine,
          nzn_winding_woodlands_center_pierced_h,
          nzn_winding_woodlands_5x15_split_checker], layout_basic,
          gammafunk_ghost_stat_death
Temple:   regret_index_temple_sphere_string
Lair:1:   dpeg_oklob_gauntlet, layout_regular_city, serial_rivers,
          chequers_serial_rivers_large_a, chequers_serial_rivers_micro_c,
          chequers_serial_rivers_micro_c, chequers_serial_rivers_small_b,
          chequers_serial_rivers_small_3, st_stairs_6, minmay_stone_trees_small,
          minivault_26, minmay_lair_oklob_bushes
Lair:2:   layout_loops_ring, palyth_hydra_swamp_entry, spider_nest_entry_a,
          roderic_batcave, serial_bayou_shore_a

Skill      XL: |  1  2  3  4  5  6  7  8  9 10 11 12 |
---------------+-------------------------------------+-----
Spellcasting   | 3 4 5 6 8 12 15 | 15.0
Fire Magic     | 3 5 8 10 | 10.0
Fighting       | 8 10 11 13 | 13.7
Evocations     | 3 |  3.5
Invocations    | 6 |  6.3
Dodging        | |  1.7
Stealth        | |  1.4
Conjurations   | |  0.8

Action                   |  1- 3 |  4- 6 |  7- 9 | 10-12 || total
-------------------------+-------+-------+-------+-------++-------
Melee: Trident           |    25 |    25 |       |       ||    50
       Punch             |     1 |     1 |       |     2 ||     4
       Mace              |       |    21 |       |       ||    21
       Whip              |       |    71 |       |       ||    71
       Flail             |       |       |    58 |    92 ||   150
Throw: Javelin           |       |    16 |       |       ||    16
       Dart              |       |       |    42 |    15 ||    57
 Cast: Foxfire           |    43 |     7 |    19 |    36 ||   105
       Scorch            |     6 |    26 |   125 |   210 ||   367
       Conjure Flame     |       |       |     3 |     8 ||    11
       Flame Wave        |       |       |       |     2 ||     2
       Inner Flame       |       |       |       |     1 ||     1
  Use: Scroll            |       |     8 |     8 |     9 ||    25
       Potion            |       |       |       |     2 ||     2
Armor: Robe              |    22 |    73 |    75 |   206 ||   376
Dodge: Dodged            |    28 |    68 |    60 |   149 ||   305

Table legend: (Time is in decaauts)
 A = Elapsed time spent in this place.
 B = Non-inter-level travel time spent in this place.
 C = Inter-level travel time spent in this place.
 D = Time resting spent in this place.
 E = Time spent auto-exploring this place.
 F = Levels seen in this place.
 G = Mean time per level.
                   A        B        C        D        E       F      G
               +--------+--------+--------+--------+--------+-----+--------+
         Total |  18558 |  17744 |    814 |   6780 |   2750 |  14 | 1325.6 |
       Dungeon |  16497 |  15734 |    763 |   6133 |   2498 |  11 | 1499.7 |
        Temple |    128 |    121 |      7 |      0 |    106 |   1 |  128.0 |
          Lair |   1932 |   1888 |     44 |    647 |    146 |   2 |  966.0 |
               +--------+--------+--------+--------+--------+-----+--------+

Top non-repeatable levels by time:
    D:10: 2379 daAuts
     D:8: 2240 daAuts
     D:4: 1905 daAuts
     D:6: 1795 daAuts
  Lair:1: 1679 daAuts
     D:3: 1665 daAuts
     D:1: 1552 daAuts
     D:2: 1303 daAuts
     D:5: 1228 daAuts
    D:11: 821 daAuts
     D:7: 818 daAuts
     D:9: 785 daAuts
  Lair:2: 252 daAuts
  Temple: 128 daAuts
